 Dungeon Crawl Stone Soup version 0.23-a0-419-g0174fd8 (webtiles) character file.

711 Jawreze the Digger (level 7, -1/54 (55) HPs)
             Began as a Ghoul Earth Elementalist on Nov 13, 2018.
             Was an Initiate of Sif Muna.
             Shot with an arrow by a centaur (8 damage)
             ... on level 5 of the Dungeon.
             The game lasted 00:18:14 (7569 turns).

Jawreze the Digger (Ghoul Earth Elementalist)       Turns: 7569, Time: 00:18:15

HP:   -1/54 (55)    AC:  3    Str: 12    XL:     7   Next: 68%
MP:   10/10         EV: 12    Int: 12    God:    Sif Muna [......]
Gold: 238           SH:  0    Dex:  9    Spells: 6/12 levels left

rFire    . . .     SeeInvis .     - Unarmed
rCold    + . .     Gourm    .   (no shield)
rNeg     + + +     Faith    .   c - +0 robe
rPois    ∞         Spirit   .   (no helmet)
rElec    .         Reflect  .   t - +0 cloak
rCorr    .         Harm     .   (no gloves)
MR       .....                  (no boots)
Stlth    ++........             (no amulet)
HPRegen  0.00/turn              (no ring)
MPRegen  0.12/turn              (no ring)

@: about to teleport, rotting
A: rotting body, claws 1, carnivore, cold resistance 1, negative energy
resistance 3, inhibited regeneration, torment resistance, unbreathing
a: Renounce Religion


You were on level 5 of the Dungeon.
You worshipped Sif Muna.
Sif Muna was noncommittal.
You were not hungry.

You visited 1 branch of the dungeon, and saw 5 of its levels.

You collected 238 gold pieces.

Inventory:

Hand Weapons
 w - the +9 whip "Ultimatum" {drain, Int+3, unknown}
   (You found it on level 4 of the Dungeon)

   A truly terrible weapon, it drains the life of those it strikes.
   It affects your intelligence (+3).
 C - the +6 hand axe of Dung {freeze, *Contam rPois Int+2, unknown}
   (You found it on level 4 of the Dungeon)

   It has been specially enchanted to freeze those struck by it, causing extra
   injury to most foes and up to half again as much damage against particularly
   susceptible opponents.
   It can also slow down cold-blooded creatures.
   It affects your intelligence (+2).
   It protects you from poison.
   It causes magical contamination when unequipped.
Missiles
 b - 19 stones (quivered)
Armour
 c - a +0 robe (worn)
 e - a +0 ring mail of cold resistance
 t - a +0 cloak (worn)
 y - the +6 chain mail of the Morning {rElec Dex+2 Stlth+, unknown}
   (You found it on level 4 of the Dungeon)

   It affects your dexterity (+2).
   It insulates you from electricity.
   It makes you more stealthy.
 B - a +1 pair of gloves
Jewellery
 a - an uncursed amulet of magic regeneration {unknown}
 j - an uncursed ring of resist corrosion {unknown}
 k - an uncursed ring of see invisible {unknown}
 p - an uncursed ring of wizardry {unknown}
 s - a +3 ring of strength
Wands
 x - a wand of random effects (21)
 z - a wand of polymorph (19)
Scrolls
 i - 4 scrolls of identify {unknown}
 l - 2 scrolls of enchant armour {unknown}
 m - 3 scrolls of remove curse {unknown}
 o - a scroll of amnesia {unknown}
 q - a scroll of fog {unknown}
Potions
 f - a potion of curing {unknown}
 h - a potion of mutation {unknown}
 n - a potion of brilliance {unknown}
 r - a potion of cancellation {unknown}
 u - a potion of berserk rage {unknown}
 v - a potion of resistance {unknown}
Comestibles
 d - 6 rations


   Skills:
 - Level 2.0 Fighting
 - Level 1.7 Dodging
 - Level 2.1 Stealth
 * Level 5.0 Unarmed Combat
 + Level 3.0 Spellcasting
 + Level 3.1 Conjurations
 - Level 0.8 Transmutations
 + Level 5.2 Earth Magic


You had 6 spell levels left.
You knew the following spells:

 Your Spells              Type           Power        Failure   Level  Hunger
a - Sandblast             Erth           ##....       2%          1    #......
b - Stone Arrow           Conj/Erth      ##....       13%         3    ###....
c - Passwall              Tmut/Erth      #.......     11%         2    ###....

Your spell library contained the following spells:

 Spells                   Type           Power        Failure   Level  Hunger
 Petrify                  Tmut/Erth      #.......     56%         4    #####..
 Lee's Rapid Deconstruct  Erth           ##........   61%         5    ######.


Dungeon Overview and Level Annotations

Branches:
Dungeon (5/15)
 Temple: D:4-7

Altars:
Okawaru
Sif Muna
Trog
Wu Jian

Shops:
D:4 =

Annotations:
D:4 exclusion: orc wizard


Innate Abilities, Weirdness & Mutations

Your body is rotting away.
You thrive on raw meat.
You are immune to poison.
You have sharp fingernails.
You are carnivorous and can eat meat at any time.
Your flesh is cold resistant. (rC+)
You are immune to negative energy. (rN+++)
You do not regenerate when monsters are visible.
You are immune to unholy pain and torment.
You can survive without breathing.


Message History

* * * LOW HITPOINT WARNING * * *
x2 You see here an arrow.
Unknown command.
You see here an arrow.
Unknown command.
Your surroundings suddenly seem different.
Found a stone staircase leading down.
You start resting.
You hear the rusting of a distant drain.
You start resting.
You hear the rusting of a distant drain.
You start resting.
The centaur is too close now for your liking.
Okay, then.
Unknown command.
As you read the scroll of teleportation, it crumbles to dust.
You feel strangely unstable.
The centaur shoots an arrow.
The arrow hits you!
* * * LOW HITPOINT WARNING * * *
x2 The centaur shoots an arrow.
The arrow hits you!
You die...

...#.......#...
#..######
.........##.##
..##
.........#......
#.........##...
###.c...>#
#........#
##....####
#....## ##...@#
##.### ###


You could see a centaur.

Vanquished Creatures
  Grinder (D:3)
  A scorpion (D:4)
  A howler monkey (D:4)
  6 orc wizards
  A bullfrog skeleton (D:4)
  2 worker ants
  6 adders
  3 gnolls (D:4)
  An adder skeleton (D:4)
  3 worms
  2 dart slugs (D:2)
  3 leopard geckos
  7 orcs
  3 giant cockroaches
  6 goblins
  5 hobgoblins
  14 jackals
  8 kobolds
  4 ball pythons
  5 bats
  7 frilled lizards
  A quokka skeleton (D:2)
  A quokka zombie (D:5)
  8 rats
99 creatures vanquished.

Notes
Turn   | Place    | Note
-------+----------+-------------------------------------------
     0 | D:1      | Jawreze the Ghoul Earth Elementalist began the quest for
                  | the Orb.
     0 | D:1      | Reached XP level 1. HP: 14/14 MP: 2/2
    43 | D:1      | Found an ornate altar of the Wu Jian Council.
   552 | D:1      | Reached skill level 1 in Unarmed Combat
   552 | D:1      | Reached XP level 2. HP: 19/22 MP: 3/3
  1645 | D:2      | Reached skill level 1 in Fighting
  1682 | D:1      | Reached XP level 3. HP: 3/28 MP: 0/5
  2537 | D:2      | Noticed a phantom
  2851 | D:2      | Reached XP level 4. HP: 35/35 MP: 1/6
  3635 | D:3      | Learned a level 3 spell: Stone Arrow
  3638 | D:3      | Learned a level 2 spell: Passwall
  3660 | D:3      | Found an iron altar of Okawaru.
  3832 | D:3      | Found an iron altar of Okawaru.
  3832 | D:3      | Found a bloodstained altar of Trog.
  3925 | D:3      | Noticed Grinder
  4493 | D:4      | Reached XP level 5. HP: 40/41 MP: 2/7
  4619 | D:4      | Found Gingadaq's Jewellery Shop.
  5058 | D:4      | Reached skill level 1 in Conjurations
  5058 | D:4      | Reached XP level 6. HP: 16/48 MP: 0/9
  5266 | D:4      | Got a shimmering chain mail
  5334 | D:4      | Got an encrusted whip
  5479 | D:4      | Got a steaming hand axe
  6223 | D:3      | Killed Grinder
  6223 | D:3      | Reached XP level 7. HP: 15/53 MP: 1/10
  6520 | D:3      | Found a deep blue altar of Sif Muna.
  6544 | D:3      | Became a worshipper of Sif Muna the Loreminder
  6627 | D:3      | Reached skill level 5 in Earth Magic
  7059 | D:4      | Noticed a hippogriff
  7350 | D:5      | Entered Level 5 of the Dungeon
  7388 | D:5      | Reached skill level 5 in Unarmed Combat
  7569 | D:5      | Shot with an arrow by a centaur

Vault maps used:
D:1:      sevenhm_arrival_forest_fort_small_6, minmay_split_cup_small
D:2:      st_stairs_5, minmay_cupped
D:3:      gammafunk_temple_overflow_elements, led_sif_book, okawaru_trees_1,
          uniq_grinder
D:4:      first_ration, serial_shops, nicolae_shop_statue_plus, corexii_shack,
          grunt_ministairs_11
D:5:      minmay_temple_entry_nine_rooms, serial_shops, kennysheep_mini_moat,
          gup_sewer_entry_bubbles

Skill      XL: |  1  2  3  4  5  6  7 |
---------------+----------------------+-----
Unarmed Combat | 1 2 3 4 5 |  5.0
Spellcasting   | 2 3 |  3.0
Fighting       | 1 2 |  2.0
Earth Magic    | 4 5 |  5.2
Conjurations   | 1 2 3 |  3.1
Dodging        | |  1.7
Stealth        | |  2.1
Transmutations | |  0.8

Action                   |  1- 3 |  4- 6 |  7- 9 || total
-------------------------+-------+-------+-------++-------
Melee: Unarmed           |    86 |    69 |    27 ||   182
 Cast: Sandblast         |    36 |    94 |     1 ||   131
       Stone Arrow       |       |     6 |    11 ||    17
  Use: Scroll            |       |     1 |     2 ||     3
 Stab: Sleeping          |     1 |       |       ||     1
       Distracted        |       |     1 |       ||     1
  Eat: Chunk             |     6 |    18 |     7 ||    31
       Ration            |       |     1 |       ||     1
Armor: Robe              |    19 |     3 |     3 ||    25
Dodge: Dodged            |    67 |    54 |    16 ||   137

Table legend:
 A = Non-vault XP
 B = Vault XP
 C = Vault XP percentage of total XP
 D = Non-vault monster count
 E = Vault monster count
 F = Vault count percentage of total count
                 A         B        C        D         E       F
            +---------+---------+-------+---------+---------+-------
      Total |     632 |     385 |  37.9 |      85 |      14 |  14.1
            +---------+---------+-------+---------+---------+-------
        D:1 |      30 |       4 |  11.8 |      18 |       3 |  14.3
        D:2 |      73 |      20 |  21.5 |      24 |       5 |  17.2
        D:3 |      64 |     355 |  84.7 |      10 |       3 |  23.1
        D:4 |     422 |       6 |   1.4 |      27 |       3 |  10.0
        D:5 |      43 |       0 |   0.0 |       6 |       0 |   0.0
            +---------+---------+-------+---------+---------+-------
